PBL
MIAMI BEACH MARLINS @ CALGARY FLAMES
10/29/2049
 
TOP OF THE 1ST
Coastal Carolina University Chanticleers batting - Pitching for Louisiana State University Tigers : LHP Carlos Munoz
Pitching: LHP Carlos Munoz
Batting: SHB Gustavo Froio 0-0: Ball
1-0: Ball
2-0: Foul Ball, location: 2F
2-1: Swinging Strike
2-2: Ball
3-2: Base on Balls
Batting: SHB Brian Zazulak 0-0: Called Strike
0-1: Ball
1-1: Ball
2-1: Fielders Choice at 2nd, 5-4 (Groundball, 56, EV 89.4 MPH)
Batting: SHB Guy Jerome 0-0: Called Strike
0-1: Foul Ball, location: 2F
0-2: Ball
1-2: Grounds into double play, 4-6-3 (Groundball, 4, EV 104.4 MPH)
Top of the 1st over - 0 runs, 0 hits, 0 errors, 0 left on base; Coastal Carolina University 0 - Louisiana State University 0
BOTTOM OF THE 1ST
Louisiana State University Tigers batting - Pitching for Coastal Carolina University Chanticleers : LHP Jason St. Clair
Pitching: LHP Jason St. Clair
Batting: SHB Emmet Brickowski 0-0: SINGLE (Line Drive, 4D, EV 100.0 MPH)
Batting: RHB Richard Saquic 0-0: Called Strike
0-1: Ball
1-1: Swinging Strike
1-2: Foul Ball, location: 2F
1-2: Strikes out looking
Batting: LHB Lourens Aukema 0-0: Ball
1-0: Called Strike
1-1: Ground out 4-3 (Groundball, 34D, EV 106.9 MPH)
Emmet Brickowski to second
Batting: LHB Bob Govella 0-0: Ball
1-0: Foul Ball, location: 2F
1-1: Swinging Strike
1-2: Strikes out looking
Bottom of the 1st over - 0 runs, 1 hit, 0 errors, 1 left on base; Coastal Carolina University 0 - Louisiana State University 0
TOP OF THE 2ND
Coastal Carolina University Chanticleers batting - Pitching for Louisiana State University Tigers : LHP Carlos Munoz
Batting: LHB Leo Puentes 0-0: Ball
1-0: Called Strike
1-1: Swinging Strike
1-2: Strikes out looking
Batting: RHB Dave de Wolff 0-0: Fly out, F4 (Popup, 34, EV 64.4 MPH)
Batting: SHB Chris Kennedy 0-0: Called Strike
0-1: Called Strike
0-2: Ball
1-2: Ball
2-2: Ball
3-2: Base on Balls
Batting: RHB Robby Herrera 0-0: Swinging Strike
0-1: Ball
1-1: Foul Ball, location: 2F
1-2: Ball
2-2: Strikes out swinging
Top of the 2nd over - 0 runs, 0 hits, 0 errors, 1 left on base; Coastal Carolina University 0 - Louisiana State University 0
BOTTOM OF THE 2ND
Louisiana State University Tigers batting - Pitching for Coastal Carolina University Chanticleers : LHP Jason St. Clair
Batting: RHB David Lobacz 0-0: Ball
1-0: Called Strike
1-1: Called Strike
1-2: Foul Ball, location: 2F
1-2: Ground out 5-3 (Groundball, 5, EV 86.9 MPH)
Batting: SHB Fernando Solano 0-0: Ball
1-0: Swinging Strike
1-1: SINGLE (Line Drive, 6M, EV 95.0 MPH)
Batting: RHB Andy Jamison 0-0: Fielders Choice at 2nd, 6-4 (Groundball, 6, EV 80.0 MPH)
Batting: SHB Jose Melendez 0-0: Called Strike
0-1: DOUBLE (Line Drive, 8LD, EV 100.0 MPH)
Andy Jamison to third
Runner from 3rd tries for Home, SAFE, throw by CF to home
Batting: LHB Ângelo Schwn 0-0: Ball
1-0: Foul Ball, location: 2F
1-1: Foul Ball, location: 2F
1-2: Strikes out swinging
Bottom of the 2nd over - 1 run, 2 hits, 0 errors, 1 left on base; Coastal Carolina University 0 - Louisiana State University 1
TOP OF THE 3RD
Coastal Carolina University Chanticleers batting - Pitching for Louisiana State University Tigers : LHP Carlos Munoz
Batting: RHB Ch'ang-chieh Hsia 0-0: Ball
1-0: Ball
2-0: Ball
3-0: Called Strike
3-1: Ground out 5-3 (Groundball, 56S, EV 63.1 MPH)
Batting: RHB Jesus Cera 0-0: Called Strike
0-1: Fly out, F8 (Flyball, 8RM, EV 86.9 MPH)
Batting: SHB Gustavo Froio 0-0: SINGLE (Line Drive, 56D, EV 95.6 MPH)
Batting: SHB Brian Zazulak 0-0: Ball
1-0: Ball
2-0: Ball
3-0: Called Strike
3-1: Base on Balls
Gustavo Froio to second
Batting: SHB Guy Jerome 0-0: Called Strike
0-1: Ball
1-1: Ball
2-1: Fly out, F7 (Flyball, 78D, EV 101.2 MPH)
Top of the 3rd over - 0 runs, 1 hit, 0 errors, 2 left on base; Coastal Carolina University 0 - Louisiana State University 1
BOTTOM OF THE 3RD
Louisiana State University Tigers batting - Pitching for Coastal Carolina University Chanticleers : LHP Jason St. Clair
Batting: SHB Emmet Brickowski 0-0: Ball
1-0: Ball
2-0: Ball
3-0: Base on Balls
Pitching: LHP Jon Lizarraga
Batting: RHB Richard Saquic 0-0: Ball
1-0: Ball
2-0: Fly out, F8 (Flyball, 89S, EV 96.9 MPH)
Batting: LHB Lourens Aukema 0-0: Ball
1-0: Foul Ball, location: 2F
1-1: Swinging Strike
1-2: Foul Ball, location: 2F
1-2: Ball
2-2: Ball
3-2: Foul Ball, location: 2F
3-2: Strikes out looking
Batting: LHB Bob Govella 0-0: Called Strike
0-1: Swinging Strike
0-2: Ball
1-2: Hit by Pitch
Emmet Brickowski to second
Batting: RHB David Lobacz 0-0: Ball
1-0: Ball
2-0: Ball
3-0: Called Strike
3-1: Base on Balls
Emmet Brickowski to third
Bob Govella to second
Batting: SHB Fernando Solano 0-0: Called Strike
0-1: Ball
1-1: Fielders Choice at 2nd, 6-4 (Groundball, 6, EV 81.9 MPH)
Bottom of the 3rd over - 0 runs, 0 hits, 0 errors, 3 left on base; Coastal Carolina University 0 - Louisiana State University 1
TOP OF THE 4TH
Coastal Carolina University Chanticleers batting - Pitching for Louisiana State University Tigers : LHP Carlos Munoz
Batting: LHB Leo Puentes 0-0: Called Strike
0-1: Ground out 6-3 (Groundball, 6, EV 106.2 MPH)
Batting: RHB Dave de Wolff 0-0: Ball
1-0: Ball
2-0: SOLO HOME RUN (Flyball, 78XD, EV 112.5 MPH), Distance : 447 ft
Batting: SHB Chris Kennedy 0-0: Foul Ball, location: 2F
0-1: Foul Ball, location: 2F
0-2: Foul Ball, location: 2F
0-2: Ball
1-2: Ball
2-2: Foul Ball, location: 2F
2-2: Foul Ball, location: 2F
2-2: Fly out, F8 (Flyball, 8RS, EV 95.6 MPH)
Batting: RHB Robby Herrera 0-0: Called Strike
0-1: Ball
1-1: Ground out 3-1 (Groundball, 34, EV 84.4 MPH)
Top of the 4th over - 1 run, 1 hit, 0 errors, 0 left on base; Coastal Carolina University 1 - Louisiana State University 1
BOTTOM OF THE 4TH
Louisiana State University Tigers batting - Pitching for Coastal Carolina University Chanticleers : LHP Jon Lizarraga
Batting: RHB Andy Jamison 0-0: Bunt for hit to 25 - play at first, batter OUT! 5-3
Batting: SHB Jose Melendez 0-0: Called Strike
0-1: Called Strike
0-2: Ball
1-2: Strikes out looking
Batting: LHB Ângelo Schwn 0-0: Fly out, F7 (Flyball, 7S, EV 86.2 MPH)
Bottom of the 4th over - 0 runs, 0 hits, 0 errors, 0 left on base; Coastal Carolina University 1 - Louisiana State University 1
TOP OF THE 5TH
Coastal Carolina University Chanticleers batting - Pitching for Louisiana State University Tigers : LHP Carlos Munoz
Pitching: RHP Jon Spears
Batting: RHB Ch'ang-chieh Hsia 0-0: SINGLE (Groundball, 4MD, EV 102.5 MPH)
Batting: RHB Jesus Cera 0-0: Called Strike
0-1: Swinging Strike
0-2: Ball
1-2: Foul Ball, location: 2F
1-2: Ball
2-2: Fly out, F8 (Line Drive, 8RD, EV 101.9 MPH)
Batting: SHB Gustavo Froio 0-0: Ball
1-0: Swinging Strike
1-1: Ball
2-1: Ball
3-1: Foul Ball, location: 2F
3-2: Foul Ball, location: 2F
3-2: Strikes out swinging
Batting: SHB Brian Zazulak 0-0: Ball
1-0: Ball
2-0: Ball
3-0: Ground out 4-3 (Groundball, 4, EV 96.2 MPH)
Top of the 5th over - 0 runs, 1 hit, 0 errors, 1 left on base; Coastal Carolina University 1 - Louisiana State University 1
BOTTOM OF THE 5TH
Louisiana State University Tigers batting - Pitching for Coastal Carolina University Chanticleers : LHP Jon Lizarraga
Batting: SHB Emmet Brickowski 0-0: Called Strike
0-1: Ground out 3-1 (Groundball, 34, EV 91.2 MPH)
Batting: RHB Richard Saquic 0-0: Ball
1-0: Foul Ball, location: 2F
1-1: Fly out, F7 (Flyball, 7S, EV 73.8 MPH)
Batting: LHB Lourens Aukema 0-0: Foul Ball, location: 2F
0-1: Ball
1-1: Foul Ball, location: 2F
1-2: SOLO HOME RUN (Flyball, 9D, EV 96.9 MPH), Distance : 374 ft
Batting: LHB Bob Govella 0-0: Fly out, F7 (Flyball, 7LM, EV 85.6 MPH)
Bottom of the 5th over - 1 run, 1 hit, 0 errors, 0 left on base; Coastal Carolina University 1 - Louisiana State University 2
TOP OF THE 6TH
Coastal Carolina University Chanticleers batting - Pitching for Louisiana State University Tigers : RHP Jon Spears
Batting: SHB Guy Jerome 0-0: Ground out 4-3 (Groundball, 4, EV 83.8 MPH)
Batting: LHB Leo Puentes 0-0: Ball
1-0: Fly out, F9 (Flyball, 89D, EV 103.1 MPH)
Pinch Hitting: RHB Ricky Santana 0-0: SINGLE (Groundball, 6MD, EV 104.4 MPH)
Batting: SHB Chris Kennedy 0-0: Ball
1-0: Ball
2-0: Called Strike
2-1: SINGLE (Groundball, 34D, EV 98.1 MPH)
Ricky Santana to second
Runner from 2nd tries for 3rd, SAFE, no throw by RF
Pinch Hitting: RHB Mike Hendricks 0-0: Ball
1-0: Called Strike
1-1: Ball
2-1: Called Strike
2-2: Ground out 4-3 (Groundball, 4MS, EV 67.5 MPH)
Top of the 6th over - 0 runs, 2 hits, 0 errors, 2 left on base; Coastal Carolina University 1 - Louisiana State University 2
BOTTOM OF THE 6TH
Louisiana State University Tigers batting - Pitching for Coastal Carolina University Chanticleers : LHP Jon Lizarraga
Now at 2B: Mike Hendricks
Now in RF: Josh Harden
Batting: RHB David Lobacz 0-0: Ground out 5-3 (Groundball, 56, EV 92.5 MPH)
Batting: SHB Fernando Solano 0-0: Hit by Pitch
Batting: RHB Andy Jamison 0-0: Foul Ball, location: 2F
0-1: Ground out 5-3 (Groundball, 56S, EV 79.4 MPH)
Fernando Solano to second
Batting: SHB Jose Melendez 0-0: Called Strike
0-1: Foul Ball, location: 2F
0-2: Ball
1-2: Foul Ball, location: 2F
1-2: Foul Ball, location: 2F
1-2: Ground out 5-3 (Groundball, 5, EV 86.2 MPH)
Bottom of the 6th over - 0 runs, 0 hits, 0 errors, 1 left on base; Coastal Carolina University 1 - Louisiana State University 2
TOP OF THE 7TH
Coastal Carolina University Chanticleers batting - Pitching for Louisiana State University Tigers : RHP Jon Spears
Pitching: LHP Jesus Ortiz
Batting: RHB Ch'ang-chieh Hsia 0-0: Foul Ball, location: 2F
0-1: Ball
1-1: Fly out, F2 (Popup, 13S, EV 90.6 MPH)
Pinch Hitting: RHB Takayuki Nakagawa 0-0: Ground out 4-3 (Groundball, 4, EV 110.0 MPH)
Pinch Hitting: RHB Tom Murdock 0-0: Ball
1-0: Ball
2-0: Swinging Strike
2-1: SINGLE (Groundball, 15S, EV 67.5 MPH) (infield hit)
Pinch Hitting: LHB Harumi Aoki 0-0: SINGLE (Groundball, 34, EV 105.0 MPH)
Tom Murdock to second
Runner from 2nd tries for 3rd, SAFE, throw by RF made to third
Batting: RHB Jay Hickman 0-0: Ball
1-0: Foul Ball, location: 2F
1-1: Fly out, F4 (Line Drive, 4, EV 64.4 MPH)
Top of the 7th over - 0 runs, 2 hits, 0 errors, 2 left on base; Coastal Carolina University 1 - Louisiana State University 2
BOTTOM OF THE 7TH
Louisiana State University Tigers batting - Pitching for Coastal Carolina University Chanticleers : LHP Jon Lizarraga
Pitching: LHP Juan Cruz
Now at 3B: Tom Murdock
Now at SS: Takayuki Nakagawa
Now in CF: David Pettite
Batting: LHB Ângelo Schwn 0-0: SINGLE (Groundball, 56D, EV 105.0 MPH)
Batting: SHB Emmet Brickowski 0-0: Bunt missed!
0-1: Bunted foul
0-2: Ball
1-2: Fielders Choice at 2nd, 6-4 (Groundball, 6, EV 76.2 MPH)
Batting: SHB John Pullen 0-0: Ball
1-0: Ball
2-0: Called Strike
2-1: Fielders Choice at 2nd, 6-4 (Groundball, 6, EV 82.5 MPH)
Pinch Hitting: LHB Garrett Moreau 0-0: Called Strike
0-1: Ball
1-1: Ball
2-1: Foul Ball, location: 2F
2-2: SINGLE (Groundball, 34D, EV 101.2 MPH)
John Pullen to second
Runner from 2nd tries for 3rd, SAFE, throw by RF made to third
Batting: LHB Bob Govella 0-0: Ball
1-0: Called Strike
1-1: Fly out, F8 (Flyball, 78D, EV 95.6 MPH)
Bottom of the 7th over - 0 runs, 2 hits, 0 errors, 2 left on base; Coastal Carolina University 1 - Louisiana State University 2
TOP OF THE 8TH
Coastal Carolina University Chanticleers batting - Pitching for Louisiana State University Tigers : LHP Jesus Ortiz
Now in LF: Dennis Cox
Pinch Hitting: RHB Tony Gastelum 0-0: SINGLE (Line Drive, 8LS, EV 103.8 MPH)
Batting: RHB Josh Harden 0-0: Called Strike
0-1: Ball
1-1: Ball
2-1: Fielders Choice at 2nd, 6-4 (Groundball, 6, EV 83.1 MPH)
Batting: SHB Chris Kennedy 0-0: Grounds out, U3 (Groundball, 3L, EV 83.8 MPH)
Batting: RHB Mike Hendricks 0-0: Ball
1-0: Ball
2-0: Ball
3-0: Called Strike
3-1: Base on Balls
Batting: RHB Ch'ang-chieh Hsia 0-0: Ball
1-0: SINGLE (Groundball, 4D, EV 103.8 MPH)
Josh Harden to third
Mike Hendricks to second
Runner from 3rd tries for Home, SAFE, throw by RF to home
Batting: RHB Takayuki Nakagawa 0-0: Ball
1-0: SINGLE (Groundball, 6MD, EV 102.5 MPH)
Mike Hendricks to third
Ch'ang-chieh Hsia to second
Pinch Hitting: RHB Randy Welsh 0-0: Swinging Strike
0-1: Ball
1-1: Ball
2-1: Foul Ball, location: 2F
2-2: Ball
3-2: Foul Ball, location: 2F
3-2: SINGLE (Groundball, 5D, EV 97.5 MPH)
Mike Hendricks scores
Ch'ang-chieh Hsia to third
Takayuki Nakagawa to second
Ch'ang-chieh Hsia scores
Takayuki Nakagawa to third
Pitching: LHP Pat Mena
Batting: SHB David Pettite 0-0: Called Strike
0-1: Ball
1-1: Foul Ball, location: 2F
1-2: SINGLE (Groundball, 6MD, EV 107.5 MPH)
Takayuki Nakagawa scores
Randy Welsh to second
Batting: RHB Jay Hickman 0-0: Ball
1-0: Fly out, F7 (Flyball, 7LM, EV 85.0 MPH)
Top of the 8th over - 4 runs, 5 hits, 0 errors, 2 left on base; Coastal Carolina University 5 - Louisiana State University 2
BOTTOM OF THE 8TH
Louisiana State University Tigers batting - Pitching for Coastal Carolina University Chanticleers : LHP Juan Cruz
Now at 3B: Mario Martinez
Now in LF: Joe Megee
Pinch Hitting: RHB Warren Carmichael 0-0: Ball
1-0: Fly out, F8 (Line Drive, 8RM, EV 95.0 MPH)
Batting: SHB Fernando Solano 0-0: Ball
1-0: Ball
2-0: Ball
3-0: Base on Balls
Batting: RHB Andy Jamison 0-0: Called Strike
0-1: Swinging Strike
0-2: Ball
1-2: Fly out, F5 (Popup, 56, EV 80.0 MPH)
Pinch Hitting: RHB Alberto Chavez 0-0: Foul Ball, location: 2F
0-1: SINGLE (Groundball, 56, EV 97.5 MPH)
Fernando Solano to second
Batting: LHB Ângelo Schwn 0-0: Ball
1-0: Called Strike
1-1: Ball
2-1: Swinging Strike
2-2: Ball
3-2: Foul Ball, location: 2F
3-2: Foul Ball, location: 2F
3-2: Strikes out looking
Bottom of the 8th over - 0 runs, 1 hit, 0 errors, 2 left on base; Coastal Carolina University 5 - Louisiana State University 2
TOP OF THE 9TH
Coastal Carolina University Chanticleers batting - Pitching for Louisiana State University Tigers : LHP Pat Mena
Now at 1B: Warren Carmichael
Now in CF: Alberto Chavez
Batting: LHB Joe Megee 0-0: Called Strike
0-1: Fly out, F7 (Line Drive, 7D, EV 106.2 MPH)
Batting: RHB Josh Harden 0-0: Foul Ball, location: 2F
0-1: Called Strike
0-2: SINGLE (Line Drive, 9S, EV 93.8 MPH)
Pinch Hitting: RHB Shane Garcia 0-0: Ball
1-0: Ball
2-0: Called Strike
2-1: Foul Ball, location: 2F
2-2: Strikes out looking
Batting: RHB Mike Hendricks 0-0: Ball
1-0: Called Strike
1-1: Foul Ball, location: 2F
1-2: Fly out, F9 (Flyball, 9D, EV 104.4 MPH)
Top of the 9th over - 0 runs, 1 hit, 0 errors, 1 left on base; Coastal Carolina University 5 - Louisiana State University 2
BOTTOM OF THE 9TH
Louisiana State University Tigers batting - Pitching for Coastal Carolina University Chanticleers : LHP Juan Cruz
Pitching: RHP Corey Meaux
Now at 1B: Danny Calleros
Pinch Hitting: RHB Edgar Cuesta 0-0: Swinging Strike
0-1: Foul Ball, location: 2F
0-2: Ball
1-2: Foul Ball, location: 2F
1-2: Strikes out swinging
Batting: SHB John Pullen 0-0: Swinging Strike
0-1: DOUBLE (Line Drive, 9LM, EV 106.2 MPH)
Pinch Hitting: LHB Adam De Bello 0-0: Ball
1-0: Ball
2-0: Foul Ball, location: 2F
2-1: Ball
3-1: Foul Ball, location: 2F
3-2: Ground out 4-3 (Groundball, 4, EV 79.4 MPH)
John Pullen to third
Pitching: LHP Manny Santiago
Pinch Hitting: RHB Bill Crogan 0-0: Called Strike
0-1: Ball
1-1: Foul Ball, location: 2F
1-2: Strikes out swinging, 2-3 out at first.
Bottom of the 9th over - 0 runs, 1 hit, 0 errors, 1 left on base; Coastal Carolina University 5 - Louisiana State University 2
Sunday, July 16th , 2023 - OOTP Baseball 24.6 Build 69